 Dungeon Crawl Stone Soup version 0.24-a0-447-ge8da9206dc (webtiles) character file.

Game seed: 5795988667844126193

96 Gynju the Skirmisher (level 4, -3/36 HPs)
             Began as a Demonspawn Fighter on June 25, 2019.
             Killed from afar by Ijyb (15 damage)
             ... with a bolt of acid
             ... on level 3 of the Dungeon.
             The game lasted 00:04:30 (1559 turns).

Gynju the Skirmisher (Demonspawn Fighter)           Turns: 1559, Time: 00:04:30

Health: -3/36      AC:  8    Str: 17    XL:     4   Next: 41%
Magic:  4/4        EV: 14    Int:  9    God:
Gold:   166        SH:  9    Dex: 18    Spells: 3/3 levels left

rFire    . . .     SeeInvis .   q - +0 short sword (speed)
rCold    . . .     Gourm    .   c - +0 shield
rNeg     . . .     Faith    .   i - +0 ring mail {rPois}
rPois    +         Spirit   .   (no helmet)
rElec    .         Reflect  .   s - +0 cloak
rCorr    .         Harm     .   u - +0 pair of gloves
MR       .....                  (no boots)
Stlth    ++........             (no amulet)
HPRegen  0.12/turn              (no ring)
MPRegen  0.09/turn              (no ring)

@: agile
A: powered by death 1, powered by pain 1
a: no special abilities


You were on level 3 of the Dungeon.
You were not hungry.

You visited 1 branch of the dungeon, and saw 3 of its levels.

You collected 166 gold pieces.

Inventory:

Hand Weapons
 a - a +0 rapier
 q - a +0 short sword of speed (weapon)
Armour
 c - a +0 shield (worn)
 i - a +0 ring mail of poison resistance (worn)
 s - a +0 cloak (worn)
 u - a +0 pair of gloves (worn)
Scrolls
 b - a scroll of fog {unknown}
 h - a scroll of remove curse {unknown}
 j - a scroll of enchant armour {unknown}
 l - a scroll of fear {unknown}
 m - 2 scrolls of identify {unknown}
 n - 2 scrolls of teleportation {unknown}
 t - 2 scrolls of random uselessness {unknown}
Potions
 d - a potion of might
 e - 2 potions of curing {unknown}
 k - 2 potions of magic {unknown}
 o - 3 potions of resistance {unknown}
 p - 2 potions of haste {unknown}
 r - a potion of heal wounds {unknown}
Comestibles
 f - 7 rations
 g - 2 chunks of flesh


   Skills:
 + Level 3.6 Fighting
 - Level 1.7 Short Blades
 + Level 3.3 Armour
 + Level 1.6 Dodging
 + Level 3.3 Shields


You had 3 spell levels left.
You didn't know any spells.
Your spell library was empty.

Dungeon Overview and Level Annotations

Branches:
Dungeon (3/15)

Altars:

Annotations:
D:3 Ijyb


Innate Abilities, Weirdness & Mutations

You regenerate a little health from kills.
You sometimes gain a little power by taking damage.


Message History

You completely miss Ijyb.
Ijyb is lightly wounded.
Ijyb screams, "Me stronger than you!" Ijyb hits you but does no damage.
A quokka comes into view.
You hit Ijyb.
Ijyb is heavily wounded.
Ijyb closely misses you.
You completely miss Ijyb.
Ijyb is heavily wounded.
You block Ijyb's attack.
You barely miss Ijyb.
Ijyb is heavily wounded.
You hit Ijyb but do no damage.
Ijyb is heavily wounded.
Ijyb hits you with a +0 dagger.
You hit Ijyb.
Ijyb is heavily wounded.
Ijyb zaps a wand.
The bolt of acid hits you!
You die...

..#......##
#.#.###......
#.#.# #...##.#
#...# #.#.##
##.####.....
######.....r....#
...............#.#
.#######.........
#..@.K.....
.......g.....##
######.......#
#.......#
.........#
#########.# .#


You could see Ijyb, a quokka and a kobold.

Vanquished Creatures
  2 adders (D:2)
  2 oozes
  5 dart slugs
  3 leopard geckos
  2 giant cockroaches (D:2)
  8 hobgoblins
  9 jackals (D:2)
  3 kobolds (D:1)
  A quokka (D:2)
  4 bats
  4 frilled lizards
  4 goblins
  10 rats
57 creatures vanquished.

Notes
Turn   | Place    | Note
-------+----------+-------------------------------------------
     0 | D:1      | Gynju the Demonspawn Fighter began the quest for the Orb.
     0 | D:1      | Reached XP level 1. HP: 18/18 MP: 1/1
    40 | D:1      | Gained mutation: You regenerate a little health from kills.
                  | [demonic ancestry]
    40 | D:1      | Reached XP level 2. HP: 22/24 MP: 2/2
   338 | D:1      | Reached skill level 1 in Dodging
   445 | D:1      | Reached XP level 3. HP: 29/29 MP: 3/3
  1202 | D:2      | Gained mutation: You sometimes gain a little power by
                  | taking damage. [demonic ancestry]
  1202 | D:2      | Reached XP level 4. HP: 35/35 MP: 4/4
  1548 | D:3      | Noticed Ijyb
  1559 | D:3      | Killed from afar by Ijyb

Levels and vault maps discovered:
D:1:      zelgadis_glass_arrival_small, layout_loops_corners
D:2:      layout_basic
D:3:      layout_loops_ring, hangedman_decor_riveting, kennysheep_orc_chapel,
          uniq_ijyb

Skill      XL: |  1  2 |
---------------+-------+-----
Armour         | 3 |  3.3
Shields        | 3 |  3.3
Dodging        | 1 |  1.6
Fighting       | |  3.6
Short Blades   | |  1.7

Action                   |  1- 3 |  4- 6 || total
-------------------------+-------+-------++-------
Melee: Rapier            |   122 |    61 ||   183
       Short sword       |       |     8 ||     8
  Eat: Chunk             |     1 |     1 ||     2
Armor: Scale mail        |    20 |       ||    20
       Ring mail         |    16 |    63 ||    79
Dodge: Dodged            |    33 |    45 ||    78
Block: Shield            |    54 |    48 ||   102

Table legend:
 A = Non-vault XP
 B = Vault XP
 C = Vault XP percentage of total XP
 D = Non-vault monster count
 E = Vault monster count
 F = Vault count percentage of total count
                 A         B        C        D         E       F
            +---------+---------+-------+---------+---------+-------
      Total |     138 |       0 |   0.0 |      57 |       0 |   0.0
            +---------+---------+-------+---------+---------+-------
        D:1 |      49 |       0 |   0.0 |      26 |       0 |   0.0
        D:2 |      89 |       0 |   0.0 |      31 |       0 |   0.0
            +---------+---------+-------+---------+---------+-------
